Map: New Repugnancy LE

Players

SortOf

  • Race: Zerg Zerg
  • League: Master
  • Spawn Location: 1:00

liquidthermy (uThermal) - Winner!

  • Race: Terran Terran
  • Spawn Location: 7:00

Event: HomeStory Cup XIX

VOD

Have the link to the VOD?

Description

Time

  • Played on: June 27, 2019, 1:43 p.m.
  • Length: 14:25

All games in this series

Show
View Real Time Build Order
Export as new Build Order

SortOf Zerg 

Build Orders: Hatch First 

Get SALT Encoding   

  12  0:00  Drone  
  13  0:14  Overlord  
  13  0:17  Drone  
  14  0:32  Drone x2  
  16  0:49  Hatchery  
  15  0:52  Drone  
  15  0:55  Drone  
  17  0:59  Drone  
  18  1:09  Extractor  
  17  1:14  Spawning Pool  
  17  1:17  Drone  
  17  1:20  Drone  
  18  1:29  Drone  
  19  1:40  Drone  
  20  1:50  Overlord  
  20  2:00  Queen  
  20  2:01  Queen  
  24  2:02  Zergling x4  
  26  2:12  Drone x2  
  28  2:23  Hatchery  
  28  2:28  Extractor  
  28  2:29  Drone  
  27  2:32  Spore Crawler  
  27  2:36  Drone  
  29  2:38  Drone x2  
  29  2:44  Metabolic Boost  
  31  2:50  Queen  
  33  2:55  Overlord  
  33  2:59  Zergling x4  
  33  3:07  Zergling x4  
  33  3:11  Overlord  
  34  3:22  Queen  
  34  3:25  Zergling x6  
  39  3:31  Drone  
  40  3:42  Zergling x6  
  40  3:44  Overlord  
  43  3:51  Zergling x2  
  43  3:54  Queen  
  46  3:56  Zergling x4  
  46  4:02  Zergling x6  
  51  4:11  Zergling x4  
  51  4:12  Zergling x4  
  54  4:29  Zergling x16  
  57  4:41  Drone  
  57  4:43  Drone  
  57  4:44  Overlord  
  57  4:45  Drone x2  
  61  4:47  Evolution Chamber  
  59  4:57  Overlord  
  59  5:00  Drone x4  
  63  5:13  Zergling x2  
  63  5:14  Zergling x10  
  69  5:20  Zerg Ground Armor Level 1  
  69  5:22  Drone  
  69  5:25  Drone x2  
  70  5:29  Overlord  
  70  5:34  Baneling Nest  
  69  5:39  Zergling x6  
  72  5:46  Zergling x2  
  72  5:47  Zergling x8  
  72  6:08  Zergling x10  
  72  6:10  Zergling x8  
  71  6:15  Zergling x12  
  67  6:22  Zergling x2, Queen  
  69  6:29  Zergling x4  
  64  6:38  Zergling x6  
  62  6:41  Queen x2  
  62  6:46  Zergling x4  
  65  6:51  Zergling x2  
  66  7:00  Zergling x2  
  59  7:02  Zergling x2  
  59  7:03  Zergling x2  
  59  7:08  Zergling x4  
  55  7:12  Zergling x2  
  55  7:16  Drone  
  55  7:17  Drone  
  55  7:18  Lair  
  55  7:19  Drone x6  
  63  7:23  Drone  
  63  7:29  Drone  
  66  7:37  Drone x2  
  66  7:39  Zerg Melee Weapons Level 1  
  66  7:41  Extractor  
  66  7:42  Extractor, Drone x2  
  67  7:45  Drone  
  67  7:46  Drone  
  67  7:47  Baneling x2  
  67  7:48  Baneling  
  67  7:50  Zergling x8  
  67  7:51  Zergling x8  
  77  7:59  Drone x3  
  81  8:12  Zergling x2  
  81  8:13  Zergling x6  
  81  8:15  Hatchery  
  81  8:16  Centrifical Hooks  
  81  8:18  Drone x2  
  81  8:19  Extractor  
  84  8:21  Overlord  
  84  8:25  Drone x2  
  86  8:41  Zergling x16  
  84  8:51  Zergling x18  
  84  8:55  Baneling x4  
  87  8:56  Baneling x2  
  87  8:59  Zergling x2  
  87  9:04  Zergling x2  
  87  9:05  Zergling x2  
  85  9:10  Zergling x4  
  85  9:16  Baneling x4  
  84  9:18  Zergling x8  
  84  9:20  Queen x2  
  92  9:27  Zergling x4  
  93  9:32  Zergling x4  
  93  9:36  Zergling x2  
  93  9:37  Baneling x6  
  96  9:41  Zergling x8  
  100  9:47  Spire  
  100  9:48  Zergling x4  
  100  9:49  Evolution Chamber  
  93  10:00  Zergling x6  
  91  10:11  Zergling x10  
  74  10:23  Zergling x16  
  77  10:30  Drone x5  
  77  10:34  Zerg Ground Armor Level 2, Zerg Melee Weapons Level 2  
  82  10:37  Baneling x4  
  82  10:38  Zergling x6  
  85  10:46  Baneling x2  
  85  10:47  Zergling x6  
  88  10:52  Zergling x4  
  88  10:56  Overlord  
  90  10:58  Drone  
  90  10:59  Drone x4  
  90  11:01  Mutalisk  
  90  11:02  Mutalisk x2, Extractor  
  100  11:12  Drone x4  
  100  11:15  Drone x3  
  102  11:25  Mutalisk  
  102  11:32  Mutalisk x4  
  104  11:35  Zergling x2  
  104  11:36  Drone x2  
  104  11:38  Overlord x3, Extractor, Drone  
  104  11:39  Drone  
  104  11:45  Zerg Flyer Weapons Level 1  
  104  11:48  Drone x2  
  104  11:52  Zergling x10  
  104  11:53  Overlord  
  111  11:57  Baneling x7  
  111  11:58  Baneling x2  
  111  12:05  Zergling x16  
  119  12:22  Mutalisk x3  
  119  12:24  Drone x2  
  119  12:26  Overlord  
  127  12:32  Zergling x16  
  127  12:36  Baneling x10  
  135  12:40  Overlord  
  135  12:45  Baneling x7, Zergling x8  
  135  12:51  Hatchery  
  136  12:56  Zergling x20  
  119  13:07  Zergling x20  
  123  13:26  Mutalisk x5  
  124  13:35  Extractor  
  124  13:36  Extractor  
  122  13:44  Mutalisk x2  
  122  13:46  Baneling x2  
  126  13:49  Hatchery  
  126  13:51  Zergling x14  
  132  13:58  Hatchery  
  132  14:00  Zergling x4  
  133  14:06  Baneling x9  
Show
View Real Time Build Order
Export as new Build Order

liquidthermy Terran - Winner!

Build Orders:  

Get SALT Encoding   

  12  0:01  SCV  
  13  0:13  SCV  
  14  0:20  Supply Depot  
  14  0:25  SCV  
  15  0:42  SCV  
  16  0:44  Barracks  
  16  0:45  Refinery  
  16  0:54  SCV  
  17  0:59  Barracks  
  17  1:06  SCV  
  18  1:18  SCV  
  19  1:31  Orbital Command, Reaper  
  20  1:36  Barracks  
  20  1:43  Refinery  
  20  1:46  Reaper  
  21  1:54  Supply Depot  
  21  1:57  SCV  
  22  2:04  Reaper  
  24  2:15  SCV  
  24  2:18  Reaper  
  24  2:22  Supply Depot  
  25  2:24  Reaper  
  26  2:30  SCV  
  26  2:36  Reaper  
  28  2:43  SCV  
  29  2:52  Command Center  
  29  2:55  Reaper  
  31  2:58  Reaper  
  31  3:08  Reaper  
  31  3:10  SCV  
  31  3:12  Engineering Bay  
  32  3:26  Barracks, SCV  
  34  3:27  Reaper  
  34  3:30  Reaper  
  35  3:38  Terran Infantry Weapons Level 1, SCV  
  36  3:46  Barracks  
  36  3:47  Reaper  
  37  3:51  SCV  
  38  3:59  Reaper  
  39  4:04  Orbital Command, SCV  
  39  4:08  Reaper  
  41  4:14  Reaper  
  41  4:16  SCV  
  43  4:27  Reaper  
  43  4:31  SCV x2  
  42  4:33  Reaper  
  42  4:38  Refinery  
  44  4:41  Reaper  
  44  4:43  SCV x2  
  44  4:44  Supply Depot  
  47  4:51  Reaper  
  48  4:55  SCV x2  
  48  4:59  Command Center  
  50  5:00  Reaper  
  50  5:04  Supply Depot  
  51  5:07  SCV x2  
  51  5:11  Reaper  
  54  5:14  Reaper  
  54  5:19  SCV x2  
  54  5:21  Reaper  
  58  5:26  Reaper  
  59  5:29  Supply Depot  
  59  5:31  SCV  
  59  5:32  SCV  
  61  5:37  Barracks  
  61  5:38  Barracks x2  
  61  5:41  Terran Infantry Armor Level 1  
  61  5:44  Reaper  
  61  5:45  SCV  
  63  5:51  Reaper  
  63  5:53  SCV  
  65  5:57  SCV  
  65  6:05  SCV  
  65  6:07  Reaper  
  65  6:11  Reaper  
  65  6:12  Reaper  
  65  6:16  Reaper  
  64  6:20  SCV  
  64  6:23  Reaper  
  64  6:24  SCV  
  67  6:29  Reaper  
  67  6:38  Reaper  
  67  6:39  Reaper  
  67  6:42  Barracks  
  67  6:43  Refinery, Barracks x2, SCV  
  67  6:45  Reaper  
  69  6:49  SCV  
  67  7:02  Reaper  
  67  7:04  Reaper  
  67  7:05  Reaper  
  69  7:08  SCV x2  
  69  7:11  Orbital Command  
  69  7:13  Reaper  
  69  7:15  Reaper  
  69  7:19  Refinery  
  69  7:20  Reaper, SCV  
  69  7:21  SCV  
  70  7:23  Refinery, Barracks  
  70  7:24  Barracks, Reaper  
  70  7:25  Barracks  
  71  7:32  SCV  
  71  7:34  SCV  
  71  7:37  SCV  
  74  7:40  Reaper  
  74  7:42  Reaper, Factory  
  76  7:44  SCV  
  76  7:46  SCV  
  76  7:48  Reaper  
  76  7:49  SCV  
  80  7:52  Reaper x2, Command Center  
  80  7:56  Reaper  
  80  7:57  SCV  
  80  7:58  SCV  
  85  8:01  Reaper  
  85  8:02  Reaper  
  85  8:03  Supply Depot  
  85  8:04  Supply Depot  
  87  8:08  Reaper x2  
  87  8:10  SCV  
  90  8:14  Reaper x2  
  90  8:18  SCV  
  93  8:20  Supply Depot  
  93  8:21  Supply Depot  
  93  8:22  Supply Depot  
  93  8:25  Reaper, SCV  
  95  8:27  Armory  
  95  8:28  SCV  
  95  8:29  Reaper x2  
  95  8:32  SCV  
  95  8:33  Reaper  
  100  8:39  Reaper  
  100  8:40  Reaper  
  102  8:43  Reaper  
  101  8:49  Reaper  
  101  8:52  Reaper x2  
  101  8:53  SCV  
  101  8:54  Reaper  
  104  8:57  SCV  
  104  8:58  Command Center  
  104  8:59  Reaper  
  104  9:00  Reaper  
  107  9:03  Reaper  
  107  9:07  Reaper  
  109  9:12  SCV  
  109  9:13  Reaper  
  109  9:16  Reaper  
  112  9:17  Reaper  
  112  9:21  Reaper  
  112  9:23  Reaper, SCV  
  116  9:25  Reaper  
  116  9:27  SCV  
  116  9:30  Command Center  
  119  9:32  Reaper  
  119  9:33  SCV  
  119  9:37  Reaper  
  122  9:44  Barracks Tech Lab  
  122  9:45  Barracks Tech Lab  
  121  9:46  Terran Infantry Weapons Level 2  
  121  9:48  SCV  
  121  9:49  Engineering Bay  
  121  9:52  Reaper  
  123  9:55  SCV  
  123  9:56  Reaper  
  125  10:01  Reaper x3  
  125  10:03  Reaper  
  126  10:11  Reaper x2  
  115  10:23  Orbital Command  
  115  10:24  SCV x2  
  108  10:29  Combat Shield  
  108  10:30  Stimpack  
  108  10:31  SCV x2  
  106  10:35  Marine  
  106  10:36  Marine x11, Supply Depot, SCV x2  
  106  10:40  Terran Infantry Armor Level 2  
  120  10:43  Marine, SCV x2  
  120  10:44  Factory Reactor  
  120  10:47  Starport  
  120  10:48  Marine, SCV  
  120  10:49  SCV  
  126  10:53  Marine x2  
  126  10:54  Marine  
  126  10:55  SCV  
  131  10:57  Command Center  
  131  11:00  SCV  
  131  11:01  Planetary Fortress, SCV  
  132  11:04  Planetary Fortress  
  132  11:06  Marine x3  
  132  11:07  SCV  
  132  11:08  Marine  
  137  11:12  Marine  
  137  11:13  SCV  
  137  11:15  Marine  
  137  11:17  SCV  
  141  11:19  Marine  
  139  11:30  Marine x3  
  139  11:31  Marine x3  
  142  11:34  Missile Turret  
  142  11:36  Missile Turret  
  142  11:39  Marine x3  
  137  11:40  Missile Turret x2  
  137  11:44  Marine x2  
  137  11:46  Marine  
  137  11:47  Marine x2, Missile Turret  
  141  11:48  Factory Reactor  
  141  11:49  Missile Turret, SCV x5  
  141  11:51  Missile Turret, Medivac x2  
  141  11:52  Marine  
  141  11:53  Missile Turret  
  153  11:58  Marine  
  153  11:59  Marine x6  
  153  12:01  SCV  
  161  12:03  Marine x2  
  161  12:04  Marine  
  161  12:06  Marine x2  
  166  12:08  Marine  
  166  12:14  Marine  
  168  12:15  Marine  
  168  12:17  Marine  
  168  12:21  Medivac x2  
  174  12:27  Marine x10  
  174  12:29  Supply Depot  
  184  12:30  Supply Depot  
  184  12:31  Marine, Supply Depot  
  185  12:50  Marine x4  
  193  12:51  Marine x5, Widow Mine x2  
  193  12:52  Marine x2, Medivac  
  193  12:53  Marine x3  
  200  13:04  Medivac  
  153  13:08  Marine x4  
  153  13:09  Marine x5  
  153  13:10  Marine x2  
  153  13:11  Marine  
  164  13:12  Widow Mine  
  164  13:14  Marine x2  
  165  13:21  Barracks  
  165  13:22  Barracks  
  165  13:26  Marine x4  
  164  13:28  Marine, Marauder  
  164  13:29  Marine  
  164  13:30  Marine x5, Medivac  
  164  13:32  Marine x2  
  165  13:34  Medivac  
  167  13:43  Command Center  
  167  13:44  Marine x4  
  167  13:45  Marine  
  167  13:46  Marine  
  167  13:47  Widow Mine x2  
  167  13:48  Marine x5  
  178  13:49  Missile Turret, Marauder  
  178  13:51  Missile Turret  
  178  13:52  Marine  
  178  13:53  Marine  
  178  13:54  Missile Turret  
  184  14:02  Marine x4  
  188  14:03  Marine  
  188  14:04  Marine  
  188  14:06  Marine x5  
Tags
 
Add a new tag
Caveats
  • Supply blocks, unpowered buildings, or Contaminate may cause inaccurate times.
  • Supply counts are checked every 10 seconds.